 Dungeon Crawl Stone Soup version 0.26.1-11-gd32895ea62 (webtiles) character file.

Game seed: 110261161631661011

66864 dannygr the Severer (level 14, -5/132 HPs)
             Began as a Minotaur Berserker on July 7, 2021.
             Was a High Priest of Trog.
             Blown up by an orb spider (20 damage)
             ... with an orb of destruction
             ... on level 1 of the Spider Nest on July 8, 2021.
             The game lasted 01:45:29 (24555 turns).

dannygr the Severer (Minotaur Berserker)           Turns: 24555, Time: 01:45:30

Health: -5/132     AC: 28    Str: 35    XL:     14   Next: 80%
Magic:  4/4        EV: 31    Int:  4    God:    Trog [*****.]
Gold:   1152       SH:  0    Dex: 14    Spells: 13/13 levels left

rFire    . . .     SeeInvis .   a - +3 battleaxe (antimagic)
rCold    . . .     Faith    .   (shield currently unavailable)
rNeg     . . .     Spirit   .   u - +2 plate armour
rPois    .         Reflect  .   (helmet restricted)
rElec    .         Harm     .   x - +1 cloak
rCorr    .         Rampage  .   f - +2 pair of gloves
Will     +....                  V - +2 pair of boots
Stlth    ..........             n - amulet of the acrobat
HPRegen  0.32/turn              t - +6 ring of strength
MPRegen  0.09/turn              D - +6 ring of strength

@: acrobat, very slow
A: retaliatory headbutt, horns 2
a: Renounce Religion, Berserk, Trog's Hand, Brothers in Arms


You were on level 1 of the Spider Nest.
You worshipped Trog.
Trog was extremely pleased with you.
You visited 5 branches of the dungeon, and saw 21 of its levels.

You collected 1399 gold pieces.
You spent 247 gold pieces at shops.

Inventory:

Hand Weapons
 a - a +3 antimagic battleaxe (weapon)
 b - a +0 shortbow
 J - a +1 vampiric hand axe
 M - a +3 war axe of venom
 N - a +3 executioner's axe of flaming
 Y - a +2 broad axe of flaming
Missiles
 e - 315 arrows
 o - 87 poisoned darts
 z - 122 bolts
Armour
 f - a +2 pair of gloves (worn)
 u - a +2 plate armour (worn)
 x - a +1 cloak (worn)
 V - a +2 pair of boots (worn)
Jewellery
 n - an amulet of the acrobat (around neck)
 t - a +6 ring of strength (left hand)
 w - an uncursed ring of ice {unknown}
 D - a +6 ring of strength (right hand)
 L - an uncursed ring of ice {unknown}
 T - an uncursed ring of fire
 W - an uncursed amulet of reflection
Wands
 c - a wand of digging (4)
Scrolls
 h - 12 scrolls of remove curse
 l - a scroll of noise
 q - 3 scrolls of magic mapping
 r - 6 scrolls of teleportation
 s - 7 scrolls of amnesia
 y - 3 scrolls of blinking
 C - 2 scrolls of fog
 O - 2 scrolls of holy word
Potions
 g - a potion of brilliance
 i - 2 potions of lignification
 k - 2 potions of ambrosia
 v - 2 potions of flight
 A - 4 potions of mutation
 E - 2 potions of attraction
 G - a potion of haste
 I - a potion of curing
 P - 3 potions of berserk rage
Miscellaneous
 d - a phial of floods
 K - a tin of tremorstones (2/2)


   Skills:
 + Level 14.2 Fighting
 * Level 18.8 Axes
 + Level 14.0 Armour
 + Level 13.0 Dodging


You had 13 spell levels left.
You didn't know any spells.
Your spell library was empty.

Dungeon Overview and Level Annotations

Branches:
Dungeon (11/15)            Temple (1/1) D:4            Lair (6/6) D:11
 Shoals (2/4) Lair:2       Spider (1/4) Lair:2        Slime (0/5) Lair:5
    Orc: D:9-12

Altars:
Cheibriados
Elyvilon
Fedhas
Gozag
Hepliaklqana
Kikubaaqudgha
Makhleb
Nemelex Xobeh
Okawaru
Qazlal
Ru
Sif Muna
Trog
Uskayaw
Vehumet
Wu Jian
Xom
Yredelemnul
Zin
The Shining One

Shops:
D:11 [

Annotations:
Lair:2 exclusion: 2 oklob plants
Lair:4 exclusion: oklob plant
Shoals:2 Ilsuiw


Innate Abilities, Weirdness & Mutations

You reflexively headbutt those who attack you in melee.
You have a pair of horns on your head.


Message History

You start resting.
A jumping spider is nearby!
Your unstable footing causes you to fumble your attack.
The jumping spider leaps!
You start resting.
A jumping spider is nearby!
You slice the jumping spider!! You headbutt the jumping spider.
You kill the jumping spider!
Trog accepts your kill.
You hear an angry hiss.
The orb spider begins to weave its threads into a brightly glowing ball.
A jumping spider comes into view.
You catch the helpless jumping spider completely off-guard!
You chop the jumping spider into pieces!!!
You kill the jumping spider!
Trog accepts your kill.
The orb spider weaves a glowing orb of energy.
An orb of destruction comes into view.
The orb of destruction hits you!!
You die...

................°........#
.....................>..##
....(..................##
........................#
.......................##
..................s.....#
..............##..○...≈##
..............#≈#☼...≈≈≈#
.............###@☼....###
....####......##≈≈≈....#
.... ##.#..#######..≈≈ ...
###### .≈≈ ... # .^


You could see an orb spider.

Vanquished Creatures
  A kraken (Shoals:1)
  7 hydras
  2 boulder beetles
  4 two-headed ogres
  6 death yaks (Lair:6)
  Nergalle (D:10)
  4 sea snakes (Shoals:1)
  A lindwurm (Lair:3)
  4 harpies (Shoals:1)
  A wolf spider (Spider:1)
  3 orb spiders
  A cyclops (D:11)
  8 elephants
  7 black mambas
  2 water nymphs (Shoals:1)
  A merfolk siren (Shoals:1)
  A torpor snail (Lair:3)
  Maggie (Lair:2)
  3 rime drakes
  8 cane toads
  16 komodo dragons
  7 jumping spiders (Spider:1)
  4 blink frogs (Lair:6)
  4 polar bears (Lair:6)
  2 wind drakes (Shoals:1)
  3 hornets (Lair:6)
  10 dream sheep (Lair:6)
  2 snapping turtles (Shoals:1)
  A tarantella (Spider:1)
  13 spriggans (Lair:6)
  6 redbacks (Spider:1)
  7 wyverns
  48 yaks
  A water elemental (Shoals:1)
  Grum (D:11)
  18 water moccasins
  6 orc warriors
  Duvessa (D:5)
  3 sky beasts
  4 black bears
  2 phantoms
  An ice beast (D:11)
  5 ogres
  2 boggarts (Lair:6)
  8 centaurs
  28 wolves
  A big kobold (D:11)
  22 bullfrogs
  A wyvern zombie (D:8)
  Dowan (D:5)
  2 howler monkeys (D:10)
  An electric eel (Lair:3)
  A bullfrog zombie (D:8)
  A quasit (D:10)
  A centaur zombie (D:5)
  2 centaur skeletons
  3 jellies (Lair:5)
  Crazy Yiuf (D:3)
  A bullfrog skeleton (D:5)
  4 orc priests
  11 orc wizards
  Jessica (D:3)
  2 iguanas (D:9)
  5 hell rats (Lair:1)
  2 worker ants (D:10)
  2 killer bee zombies
  A hound zombie (D:7)
  A hound skeleton (D:5)
  A worker ant zombie (D:9)
  3 gnolls (D:9)
  A howler monkey skeleton (D:8)
  8 adders
  A shadow imp (D:8)
  3 white imps
  2 ufetubi
  3 oozes (Lair:5)
  2 adder skeletons (D:4)
  2 worms (D:2)
  2 leopard geckos
  36 orcs
  A ball python (D:2)
  11 bats
  7 giant cockroaches
  6 goblins
  7 hobgoblins
  8 jackals
  15 kobolds
  6 quokkas
  7 frilled lizards
  A jackal zombie (D:9)
  10 rats
  5 bushes
  4 tentacles (Shoals:1)
488 creatures vanquished.

Vanquished Creatures (collateral kills)
  Louise (Shoals:1)
  Erolcha (D:10)
  A merfolk avatar (Shoals:1)
  2 manticores (Shoals:1)
  3 fauns (Shoals:1)
  2 merfolk sirens (Shoals:1)
  2 water nymphs (Shoals:1)
  3 cane toads (Lair:6)
  4 merfolk (Shoals:1)
  A hornet (Lair:6)
  2 wind drakes (Shoals:1)
  2 snapping turtles (Shoals:1)
  3 dream sheep (Lair:6)
  A spriggan (Lair:6)
  A water moccasin (Lair:2)
  2 black bears (Lair:6)
  An orc warrior (D:10)
  An ogre (D:10)
  A boggart (Lair:6)
  A wolf (Lair:6)
  A bullfrog zombie (D:10)
  A hound (D:9)
  An orc wizard (D:9)
  An orc (D:9)
39 creatures vanquished.

Vanquished Creatures (others)
  A shadow (D:11)
  46 fungi
  81 plants
  13 tentacles (Shoals:1)
141 creatures vanquished.

Grand Total: 668 creatures vanquished

Notes
Turn   | Place    | Note
-------+----------+-------------------------------------------
     0 | D:1      | dannygr the Minotaur Berserker began the quest for the Orb.
     0 | D:1      | Reached XP level 1. HP: 19/19 MP: 0/0
   212 | D:1      | Reached XP level 2. HP: 26/27 MP: 1/1
   254 | D:1      | Reached skill level 4 in Axes
   711 | D:1      | Reached ** piety under Trog
   912 | D:2      | Found a glowing golden altar of the Shining One.
   927 | D:2      | Reached XP level 3. HP: 33/33 MP: 2/2
  1655 | D:3      | Noticed an ogre
  1664 | D:3      | Killed an ogre
  1665 | D:3      | Reached skill level 5 in Axes
  1665 | D:3      | Reached XP level 4. HP: 41/41 MP: 3/3
  1665 | D:3      | Reached XP level 5. HP: 47/47 MP: 4/4
  2050 | D:3      | Found a snail-covered altar of Cheibriados.
  2084 | D:3      | Noticed Jessica
  2092 | D:3      | Killed Jessica
  2205 | D:3      | Reached *** piety under Trog
  2744 | D:3      | Found a runed translucent door.
  2745 | D:3      | Noticed Crazy Yiuf
  2753 | D:3      | Killed Crazy Yiuf
  2834 | D:4      | Found a staircase to the Ecumenical Temple.
  3025 | D:4      | Noticed an ogre
  3031 | D:4      | Killed an ogre
  3032 | D:4      | Reached skill level 5 in Fighting
  3032 | D:4      | Reached skill level 6 in Axes
  3032 | D:4      | Reached XP level 6. HP: 56/56 MP: 5/5
  3821 | D:5      | Entered Level 5 of the Dungeon
  3959 | D:5      | Noticed Dowan
  3963 | D:5      | Noticed Duvessa
  3968 | D:5      | Killed Dowan
  3973 | D:5      | Killed Duvessa
  3974 | D:5      | Reached XP level 7. HP: 61/61 MP: 6/6
  4331 | D:5      | Reached skill level 7 in Axes
  4631 | D:6      | Found an opulent altar of Gozag.
  4644 | D:6      | Found a sacrificial altar of Ru.
  5053 | D:6      | Reached skill level 5 in Armour
  5722 | D:7      | Reached XP level 8. HP: 67/70 MP: 7/7
  6062 | Temple   | Entered the Ecumenical Temple
  6499 | D:8      | Noticed a two-headed ogre
  6505 | D:8      | Reached skill level 8 in Axes
  6505 | D:8      | Reached skill level 5 in Dodging
  6507 | D:8      | Killed a two-headed ogre
  6508 | D:8      | Reached skill level 9 in Axes
  6623 | D:8      | Got a translucent leather armour
  6654 | D:8      | Reached XP level 9. HP: 78/79 MP: 8/8
  6726 | D:8      | Reached **** piety under Trog
  6730 | D:8      | Noticed a two-headed ogre
  6741 | D:8      | Killed a two-headed ogre
  6742 | D:8      | Reached skill level 10 in Axes
  7205 | D:8      | Noticed a two-headed ogre
  7210 | D:8      | Killed a two-headed ogre
  7211 | D:8      | Reached skill level 11 in Axes
  7630 | D:8      | Found a shimmering blue altar of Sif Muna.
  7894 | D:9      | Reached XP level 10. HP: 90/90 MP: 9/9
  8040 | D:9      | Reached skill level 12 in Axes
  8293 | D:9      | Noticed a two-headed ogre
  8305 | D:9      | Killed a two-headed ogre
  8558 | D:9      | Reached ***** piety under Trog
  8847 | D:10     | Entered Level 10 of the Dungeon
  9286 | D:10     | Noticed Nergalle
  9293 | D:10     | Killed Nergalle
  9421 | D:10     | Noticed Erolcha
  9425 | D:10     | Paralysed by Erolcha for 4 turns
  9436 | D:10     | Killed Erolcha
  9437 | D:10     | Reached XP level 11. HP: 95/99 MP: 10/10
  9622 | D:10     | Reached skill level 13 in Axes
 10093 | D:11     | Found a staircase to the Lair.
 10147 | D:11     | Reached skill level 10 in Fighting
 10177 | D:11     | Found Hiukkuem's Armour Boutique.
 10204 | D:11     | Bought a +2 pair of boots for 247 gold pieces
 10667 | D:11     | Found a sacrificial altar of Ru.
 10870 | D:11     | Noticed Grum
 10882 | D:11     | Killed Grum
 11162 | D:11     | Reached skill level 10 in Armour
 11479 | Lair:1   | Entered Level 1 of the Lair of Beasts
 12630 | Lair:2   | Reached skill level 14 in Axes
 12678 | Lair:2   | Noticed a five-headed hydra
 12687 | Lair:2   | Killed an eight-headed hydra
 12837 | Lair:2   | Noticed an eight-headed hydra
 12846 | Lair:2   | Killed a ten-headed hydra
 13517 | Lair:2   | Reached XP level 12. HP: 110/110 MP: 11/11
 13525 | Lair:2   | Noticed a boulder beetle
 13541 | Lair:2   | Killed a boulder beetle
 13542 | Lair:2   | Reached skill level 10 in Dodging
 13739 | Lair:2   | Found a staircase to the Shoals.
 13788 | Lair:2   | Noticed Maggie
 13799 | Lair:2   | Killed Maggie
 13889 | Lair:2   | Found a hole to the Spider Nest.
 14852 | Lair:2   | Found the +4 robe of Augmentation {Str+4 Int+4 Dex+4}
 14971 | Lair:3   | Reached skill level 15 in Axes
 15387 | Lair:3   | Noticed an eight-headed hydra
 15394 | Lair:3   | Killed an 11-headed hydra
 15787 | Lair:3   | Noticed a seven-headed hydra
 15832 | Lair:3   | Killed a nine-headed hydra
 16028 | Lair:3   | Noticed an eight-headed hydra
 16034 | Lair:3   | Killed a ten-headed hydra
 16229 | Lair:3   | Reached skill level 16 in Axes
 17334 | Lair:4   | Reached XP level 13. HP: 117/118 MP: 12/12
 17779 | Lair:4   | Found a blossoming altar of Fedhas.
 18337 | Lair:5   | Received a gift from Trog
 18423 | Lair:5   | Found a staircase to the Slime Pits.
 19468 | Lair:6   | Entered Level 6 of the Lair of Beasts
 19965 | Lair:6   | Reached skill level 17 in Axes
 20271 | Lair:6   | Received a gift from Trog
 20831 | Lair:6   | Reached XP level 14. HP: 129/129 MP: 4/13
 21361 | Lair:6   | Reached skill level 18 in Axes
 22308 | Shoals:1 | Entered Level 1 of the Shoals
 22454 | Shoals:1 | Noticed a kraken
 22490 | Shoals:1 | Killed a kraken
 22662 | Shoals:1 | Noticed Louise
 22670 | Shoals:1 | Received a gift from Trog
 22679 | Shoals:1 | Killed Louise
 23796 | Shoals:2 | Noticed Ilsuiw
 23896 | Spider:1 | Entered Level 1 of the Spider Nest
 23959 | Spider:1 | HP: 6/132 [jumping spider (1)]
 23961 | Spider:1 | HP: 2/132 [jumping spider (5)]
 24555 | Spider:1 | Blown up by an orb spider

Illustrated notes

Levels and vault maps discovered:
D:1:      giann_forest_graveyard, layout_loops_ring
D:2:      layout_basic, lemuel_crystal_altar, minmay_misc_feat_pillars,
          minmay_misc_feat_nine_boxes
D:3:      layout_basic, marbit_many_paths, hex_large,
          corexii_item_surrounded_by_moat, uniq_crazy_yiuf_cottage, uniq_jessica
D:4:      layout_cave_pods, minmay_temple_entry_glass, kennysheep_potato
D:5:      layout_gridville, kennysheep_generic_room_9, uniq_duvessa
D:6:      layout_gridville, amethyst_overflow_temple_binary
D:7:      layout_loops_ring
D:8:      layout_rooms, nicolae_overflow_hidden_temple
D:9:      layout_rooms
D:10:     layout_loops_corners, uniq_nergalle, uniq_erolcha
D:11:     layout_basic, lair_entry_dummy, serial_shops, nicolae_shop_crystal,
          hangedman_ru_absence, uniq_grum
Temple:   regret_index_temple_generic_petals
Lair:1:   layout_regular_city, st_stairs_4
Lair:2:   wad_woods_structure_01, layout_cave_pods, elwin_shoals_entry_rocks,
          nicolae_spider_entry_orb_guardian, lemuel_fruit_fields,
          minmay_lair_oklob_chamber, uniq_maggie
Lair:3:   nzn_winding_woodlands_stair_trap [nzn_winding_woodlands_5x15_garden,
          nzn_winding_woodlands_5x15_river_crossing,
          nzn_winding_woodlands_5x15_cabin,
          nzn_winding_woodlands_15x15_thick_spiral,
          nzn_winding_woodlands_5x15_parted, nzn_winding_woodlands_5x15_pool,
          nzn_winding_woodlands_5x15_longhouse], layout_chaotic_city,
          hangedman_lair_unloving_vines
Lair:4:   layout_small_grid, tgw_fedhas
Lair:5:   layout_layer_cave, nicolae_slime_entry_slimehenge,
          serial_bayou_shore_a, grunt_megastairs_2
Lair:6:   minmay_lair_end_enchanted_forest, layout_regular_city,
          chequers_serial_rivers_small_3, grunt_megastairs_3
Shoals:1: layout_shoals, uniq_louise
Shoals:2: layout_shoals, ebering_ghost_rock_garden, nicolae_shoals_kraken_party,
          uniq_ilsuiw
Spider:1: layout_spider_delve

Skill      XL: |  1  2  3  4  5  6  7  8  9 10 11 12 13 14 |
---------------+-------------------------------------------+-----
Axes           | 4 5 6 7 9 11 12 14 16 17 18 | 18.8
Fighting       | 4 5 6 7 8 9 11 12 13 14 | 14.2
Armour         | 3 4 5 6 8 9 10 11 13 14 | 14.0
Dodging        | 3 4 6 7 8 9 11 12 13 | 13.0

Action                   |  1- 3 |  4- 6 |  7- 9 | 10-12 | 13-15 || total
-------------------------+-------+-------+-------+-------+-------++-------
Melee: Hand axe          |    66 |    83 |    17 |       |       ||   166
       Headbutt          |     9 |    22 |    37 |   137 |   181 ||   386
       War axe           |       |       |   101 |   299 |       ||   400
       Battleaxe         |       |       |       |   121 |   556 ||   677
 Fire: Hunting sling     |       |     8 |    14 |       |       ||    22
       Shortbow          |       |       |    19 |    54 |    33 ||   106
Invok: Berserk           |     1 |     4 |     3 |    10 |     8 ||    26
       Brothers in Arms  |       |       |       |     5 |     6 ||    11
       Trog's Hand       |       |       |       |       |     4 ||     4
  Use: Scroll            |     4 |     6 |    12 |    17 |    13 ||    52
       Potion            |       |       |       |     5 |    15 ||    20
 Stab: Distracted        |       |       |       |       |     1 ||     1
Armor: Animal skin       |     9 |       |       |       |       ||     9
       Chain mail        |    10 |    20 |       |       |       ||    30
       Plate armour      |       |     7 |    62 |   209 |   298 ||   576
Dodge: Dodged            |    47 |    40 |    66 |   333 |   453 ||   939
